 Dungeon Crawl Stone Soup version 0.19.1 (webtiles) character file.

114 Ijustatesigmund the Chopper (level 4, -5/41 HPs)
             Began as a Minotaur Monk on Nov 25, 2016.
             Slain by a gnoll
             ... wielding a +0 halberd
              (15 damage)
             ... on level 3 of the Dungeon.
             The game lasted 00:06:01 (2062 turns).

Ijustatesigmund the Chopper (Minotaur Monk)         Turns: 2062, Time: 00:06:02

Health: -5/41      AC:  2    Str: 17    XL:     4   Next: 67%
Magic:  3/3        EV: 13    Int:  7    God:
Gold:   142        SH:  0    Dex: 14    Spells: 0 memorised, 3 levels left

rFire  . . .     SeeInvis .     a - +1 hand axe
rCold  . . .     Gourm    .     b - +0 robe
rNeg   . . .     Faith    .     (no shield)
rPois  .         Spirit   .     (helmet restricted)
rElec  .         Reflect  .     (no cloak)
rCorr  .         Harm     .     (no gloves)
MR     .....                    (no boots)
Stlth  ++........               (no amulet)
                                (no ring)
                                p - +2 ring of strength

@: no status effects
A: retaliatory headbutt, horns 2
a: no special abilities


You were on level 3 of the Dungeon.
You were hungry.

You visited 1 branch of the dungeon, and saw 3 of its levels.

You collected 142 gold pieces.

Inventory:

Hand Weapons
 a - a +1 hand axe (weapon)
Armour
 b - a +0 robe (worn)
Jewellery
 d - an uncursed ring of fire
 k - an uncursed amulet of faith
 p - a +2 ring of strength (left hand)
Wands
 e - a wand of iceblast (9/15)
 l - a wand of lightning (15/15)
 m - a wand of flame (20/48)
Scrolls
 f - 2 scrolls of enchant weapon
 n - a scroll of teleportation
Potions
 h - a potion of haste
 j - a potion of heal wounds
 o - 2 potions of might {unknown}
 q - a potion of degeneration {unknown}
Comestibles
 c - 4 bread rations
 g - 5 fruits


   Skills:
 + Level 4.8 Fighting
 * Level 5.8 Axes
 - Level 3.2 Dodging
 - Level 1.5 Stealth


You had 3 spell levels left.
You didn't know any spells.

Dungeon Overview and Level Annotations

Branches:
Dungeon (3/15)

Altars:
Dithmenos
Elyvilon
Trog


Innate Abilities, Weirdness & Mutations

You reflexively headbutt those who attack you in melee.
You have a pair of horns on your head.


Message History

The gnoll closely misses you.
Found 12 gold pieces.
Things that are here:
a flail; a scroll labeled GYDDYT UNIEK You hit the gnoll.
The gnoll is moderately wounded.
The gnoll hits you with a halberd.
* * * LOW HITPOINT WARNING * * *
You are too injured to fight recklessly!
You are too injured to fight recklessly!
You are too injured to fight recklessly!
You are too injured to fight recklessly!
You are too injured to fight recklessly!
You are too injured to fight recklessly!
You are too injured to fight recklessly!
You are too injured to fight recklessly!
You hit the gnoll.
The gnoll is severely wounded.
The gnoll hits you with a halberd!
You die...

*,,,* #.........'.... *,,,*
#.........##.#( *,.,*
#.........##+##
*,..########......#......(
*,......%...#######.......
*,..........# #.......
**#.........# ###'###.
#......††.# #.# #. #.....)@..#
#.# #. #.....g...# #.###.
#.........# #...#. #.........#
###.#. #...$.....# #.#.
#.........######### #.#.
********#.........#.......###.#.
*,,,,,,,.....$....+...........#.
*,*******,,,,***###.......#####.


You could see a gnoll.

Vanquished Creatures
  2 gnolls (D:3)
  3 adders (D:2)
  3 worms
  6 leopard geckos
  2 orcs
  A ball python (D:1)
  A giant cockroach (D:1)
  5 goblins
  4 hobgoblins
  2 jackals (D:3)
  8 kobolds
  A quokka (D:2)
  3 bats
  8 frilled lizards
  5 rats
54 creatures vanquished.

Notes
Turn   | Place    | Note
-------+----------+-------------------------------------------
     0 | D:1      | Ijustatesigmund the Minotaur Monk began the quest for the Orb.
     0 | D:1      | Reached XP level 1. HP: 19/19 MP: 0/0
   172 | D:1      | Reached skill level 4 in Axes
   172 | D:1      | Reached XP level 2. HP: 27/27 MP: 1/1
  1028 | D:2      | Reached XP level 3. HP: 26/33 MP: 2/2
  1096 | D:2      | Found a shadowy altar of Dithmenos.
  1116 | D:2      | Reached skill level 5 in Axes
  1287 | D:2      | Found a bloodstained altar of Trog.
  1315 | D:2      | Reached XP level 4. HP: 26/41 MP: 3/3
  1717 | D:2      | Found a white marble altar of Elyvilon.
  2062 | D:3      | Slain by a gnoll

Skill      XL: |  1  2  3 |
---------------+----------+-----
Axes           | 4 5 |  5.8
Fighting       | 4 |  4.8
Dodging        | |  3.2
Stealth        | |  1.5

Action                   |  1- 3 |  4- 6 || total
-------------------------+-------+-------++-------
Melee: Hand axe          |    72 |    43 ||   115
       Headbutt          |    11 |     4 ||    15
  Use: Scroll            |     6 |     5 ||    11
 Stab: Sleeping          |     4 |       ||     4
  Eat: Chunk             |     1 |     2 ||     3
Armor: Robe              |     3 |     5 ||     8
Dodge: Dodged            |    44 |    23 ||    67
